 Dungeon Crawl Stone Soup version 0.31-a0-217-g58bb5d79cf (webtiles) character file.

Game seed: 14319520556640123162

31 qw the Shooter (level 3, 0/29 HPs)
             Began as a Minotaur Hexslinger on July 2, 2023.
             Slain by a goblin
             ... wielding a +0 club
              (3 damage)
             ... on level 1 of the Dungeon.
             The game lasted 00:00:19 (799 turns).

qw the Shooter (Minotaur Hexslinger)                 Turns: 799, Time: 00:00:19

Health: 0/29       AC:  3    Str: 12    XL:     3   Next: 7%
Magic:  3/3        EV: 12    Int: 10    God:
Gold:   37         SH:  0    Dex: 14    Spells: 3/4 levels left

rFire   . . .        Y - +1 sling
rCold   . . .        (no shield)
rNeg    . . .        e - +0 leather armour
rPois   .            (helmet restricted)
rElec   .            (no cloak)
rCorr   .            (no gloves)
SInv    .            (no boots)
Will    .....        (no amulet)
Stlth   +            (no ring)
HPRegen 0.24/turn    (no ring)
MPRegen 0.08/turn

%: no passive effects
@: no status effects
A: horns 2, retaliatory headbutt
a: no special abilities


You were on level 1 of the Dungeon.
You visited 1 branch of the dungeon, and saw 2 of its levels.

You collected 37 gold pieces.


Innate Abilities, Weirdness & Mutations

You have a pair of horns on your head.
You reflexively headbutt those who attack you in melee.


   Skills:
 - Level 2.0 Fighting
 + Level 3.6 Ranged Weapons
 - Level 2.1 Dodging
 - Level 1.0 Spellcasting
 - Level 2.0 Hexes


You had 3 spell levels left.
You knew the following spells:

 Your Spells              Type           Power      Damage    Failure   Level
a - Slow                  Hex            16%        N/A       19%         1

Your spell library contained the following spells:

 Spells                   Type           Power      Damage    Failure   Level
 Inner Flame              Hex/Fire       2%         N/A       65%         3
 Portal Projectile        Hex/Tloc       4%         N/A       65%         3
 Cause Fear               Hex            2%         N/A       88%         4

Inventory:

Hand Weapons
 Y - a +1 sling (weapon)
Armour
 e - a +0 leather armour (worn)
Scrolls
 a - a scroll of identify
Potions
 g - a potion of mutation {unknown}

Dungeon Overview and Level Annotations

Branches:
Dungeon (2/15)

Altars:


Message History

You kill the ball python!
A rat comes into view.
You shoot a sling bullet.
The sling bullet barely misses the goblin.
You shoot a sling bullet. The sling bullet hits the adder.
The adder is moderately wounded.
You shoot a sling bullet. The sling bullet hits the adder.
The adder is severely wounded.
The adder closely misses you. The goblin hits you with a +0 club.
The adder bites you.
You are poisoned.
The adder poisons you! The goblin hits you with a +0 club.
793 ||| STAIRDANCE You feel sick.
The adder bites you but does no damage. The goblin hits you with a +0 club.
You climb upwards.
You feel sick.
There is a stone staircase leading down here.
Enter note:
Enter note:
Enter note:
Enter note: You shoot a sling bullet.
The sling bullet hits the adder.
The adder is severely wounded.
You feel sick. The adder bites you. The adder bites you but does no damage.
The goblin closely misses you.
You shoot a sling bullet.
The sling bullet barely misses the adder.
You feel sick. The adder bites you but does no damage.
The goblin closely misses you. The adder closely misses you.
You shoot a sling bullet. The sling bullet misses the adder.
You feel sick.
You are no longer poisoned.
The adder bites you but does no damage. The goblin closely misses you.
You shoot a sling bullet. The sling bullet misses the adder.
The adder closely misses you. The goblin hits you with a +0 club.
The adder bites you. The goblin hits you with a +0 club.
You shoot a sling bullet. The sling bullet hits the adder.
The adder is almost dead.
The adder bites you but does no damage. The goblin hits you with a +0 club.
You die...

#.#.#.####
#.....#.##........
#.#.#....##
#.[.#.#.....###.#.
####+#.#.##..#
#.......###.#.#.#.
.......#.###'###.(...#.#
#.#...#.
.......#.##....#....##.#
#.#.....
%......#.##....#.......#
#.#.....
......##.##.......)..###
#.#.#...
.#######.##......S.....#
#.#.#.## .#
#.##....g@.#..#.#
#.#.#... .#
#.########.#..#.#
#.#.#### .#
#.............#.#
#.#.#### .#
##########.#..#.#
#.#..... ## #.#..#)#
#.######
#################.##.#.#
#.######
.........?......#....#.#
#.#.....
####............######.#
#.#.####
#.#####.............#
#.#.#...


You could see an adder and a goblin.

Vanquished Creatures
  3 bats (D:1)
  4 endoplasms (D:1)
  2 giant cockroaches (D:1)
  6 goblins (D:1)
  3 hobgoblins (D:1)
  A kobold (D:1)
  2 ball pythons
  A frilled lizard (D:1)
  4 rats (D:1)
26 creatures vanquished.

Notes
Turn   | Place    | Note
-------+----------+-------------------------------------------
     0 | D:1      | qw the Minotaur Hexslinger began the quest for the Orb.
     0 | D:1      | Reached XP level 1. HP: 16/16 MP: 1/1
     0 | D:1      | 0 ||| qw: Version: 0.3-a-40-ge99b1a8
     0 | D:1      | 0 ||| qw: Game counter: 38
     0 | D:1      | 0 ||| qw: Melee chars always use a shield: true
     0 | D:1      | 0 ||| qw: God list: Okawaru
     0 | D:1      | 0 ||| qw: Allow faded altars: false
     0 | D:1      | 0 ||| qw: Do Orc after clearing Dungeon:15 true
     0 | D:1      | 0 ||| qw: Do second Lair branch before Depths: true
     0 | D:1      | 0 ||| qw: Lair rune preference: random
     0 | D:1      | 0 ||| qw: Goals: Normal
     0 | D:1      | 0 ||| PLANNING D:1-11
   179 | D:1      | Reached skill level 3 in Ranged Weapons
   197 | D:1      | Reached XP level 2. HP: 23/23 MP: 2/2
   660 | D:1      | Reached XP level 3. HP: 29/29 MP: 3/3
   742 | D:1      | 742 ||| UPGRADING to +0 leather armour.
   752 | D:1      | 752 ||| DROPPING +0 robe.
   753 | D:1      | 753 ||| READING 2 scrolls labelled ZYEMEF XALOTIDGH.
   754 | D:1      | 754 ||| READING scroll labelled AMAG REOSTAU.
   759 | D:1      | 759 ||| READING scroll labelled HAGGERGHUTUE.
   760 | D:1      | 760 ||| DROPPING scroll of poison.
   793 | D:2      | 793 ||| STAIRDANCE
   798 | D:1      | HP: 6/29 [adder (3)]
   799 | D:1      | Slain by a goblin

Levels and vault maps discovered:
D:1:      nagdon_arrival_zigzag_paths, layout_basic
D:2:      layout_loops_ring, basic_altar

Skill      XL: |  1  2 |
---------------+-------+-----
Ranged Weapons | 3 |  3.6
Fighting       | 2 |  2.0
Dodging        | |  2.1
Spellcasting   | |  1.0
Hexes          | |  2.0

Action                     || total
---------------------------++-------
   Fire: Sling             ||    70
    Use: Scroll            ||     3
 Armour: Robe              ||     6
         Leather armour    ||     5
  Dodge: Dodged            ||    15

Table legend:
 A = Non-vault XP
 B = Vault XP
 C = Vault XP percentage of total XP
 D = Non-vault monster count
 E = Vault monster count
 F = Vault count percentage of total count
                 A         B        C        D         E       F
            +---------+---------+-------+---------+---------+-------
      Total |      45 |       0 |   0.0 |      26 |       0 |   0.0
            +---------+---------+-------+---------+---------+-------
        D:1 |      43 |       0 |   0.0 |      25 |       0 |   0.0
        D:2 |       2 |       0 |   0.0 |       1 |       0 |   0.0
            +---------+---------+-------+---------+---------+-------
